 Dungeon Sprint DCSS version 0.31-a0-691-g409c26aa35 (webtiles) character file.

Game seed: 1111640205337326585

12957 SmokeWeed the Fencer (level 11, -3/111 HPs)
             Began as a Minotaur Gladiator on Sept 7, 2023.
             Was an Elder of Okawaru.
             Slain by an orc high priest
             ... wielding a +0 glaive
              (15 damage)
             ... in the Dungeon (Sprint IX: "|||||||||||||||||||||||||||||").
             The game lasted 00:12:09 (2351 turns).

SmokeWeed the Fencer (Minotaur Gladiator)           Turns: 2351, Time: 00:12:09

Health: -3/111     AC: 24    Str: 30    XL:     11   Next: 69%
Magic:  4/4        EV: 12    Int:  9    God:    Okawaru [****..]
Gold:   704        SH:  0    Dex: 11    Spells: 10/10 levels left

rFire   . . .        o - +5 demon whip "Spellbinder" {antimagic, disrupt, Will+}
rCold   . . .        (no shield)
rNeg    . . .        s - +4 plate armour
rPois   +            e - +0 hat "Vapaof" {rPois Int+4}
rElec   .            c - +0 cloak
rCorr   .            r - +0 pair of gloves
SInv    .            (no boots)
Will    +....        (no amulet) Stlth
                     t - +3 ring of strength
HPRegen 0.38/turn    u - +3 ring of strength
MPRegen 0.09/turn

%: no teleportation
@: no status effects
A: horns 2, retaliatory headbutt
a: Renounce Religion, Heroism, Finesse


You were in the Dungeon.
You worshipped Okawaru.
Okawaru was greatly pleased with you.
You visited 1 branch You collected 704 gold pieces.

Inventory:

Hand Weapons
 a - a +0 long sword
 o - the +5 demon whip "Spellbinder" (weapon) {antimagic, disrupt, Will+}
   (You found it in the Dungeon)

   Will+:     It increases your willpower.
 p - a +2 scimitar of flaming
Missiles
 y - a datura-tipped dart
Armour
 c - a +0 cloak (worn)
 e - the +0 hat "Vapaof" (worn) {rPois Int+4}
   (Okawaru gifted it to you in the Dungeon)

   Int+4:     It affects your intelligence (+4).
   rPois:     It protects you from poison
 q - the +3 hat of Pondering {ponderous, Will+ MP+10 Int+5}
   (You took it off Gastronok in the Dungeon)

   Int+5:     It affects your intelligence (+5).
   Will+:     It increases your willpower.
   MP+10:     It affects your magic capacity (+10).
 r - a +0 pair of gloves (worn)
 s - a +4 plate armour (worn)
Jewellery
 t - a +3 ring of strength (left hand)
 u - a +3 ring of strength (right hand)
Wands
 b - a wand of mindburst (13)
 n - a wand of roots (10)
Scrolls
 h - a scroll of fog
 k - 2 scrolls of blinking
 m - 2 scrolls of amnesia
 w - a scroll of fear
 x - a scroll of identify
Potions
 f - 5 potions of curing
 g - 2 potions of mutation
 i - 4 potions of magic
 j - 2 potions of berserk rage
 l - a potion of invisibility


   Skills:
 + Level 14.9 Fighting
 + Level 18.9 Long Blades
 + Level 11.7 Maces & Flails
 + Level 8.8 Throwing
 + Level 15.0 Armour
 + Level 12.2 Dodging
 + Level 5.4 Stealth
 + Level 4.2 Invocations


You had 10 spell levels left.
You didn't know any spells.
Your spell library was empty.

Dungeon Overview and Level Annotations

Branches:
Dungeon (1/1)

Altars:
Cheibriados
Dithmenos
Elyvilon
Fedhas
Gozag
Hepliaklqana
Kikubaaqudgha
Makhleb
Nemelex Xobeh
Okawaru
Qazlal
Ru
Sif Muna
Trog
Uskayaw
Vehumet
Wu Jian
Xom
Yredelemnul
Zin
The Shining One
Jiyva
Lugonu


Innate Abilities, Weirdness & Mutations

You have a pair of horns on your head.
You reflexively headbutt those who attack you in melee.


Message History

You headbutt the smoke demon.
The smoke demon is moderately wounded.
The smoke demon completely misses you.
The smoke demon hits you but does no damage. x2
You hit the smoke demon but do no damage.
The smoke demon emits a flash of light.
The smoke demon is moderately wounded.
The rust devil disappears in a puff of smoke!
The orc high priest barely misses you.
You whack the smoke demon!
The smoke demon's magic leaks into the air.
The smoke demon is caught in a violent explosion!
You headbutt the smoke demon.
The smoke demon is almost dead.
The smoke demon hits you but does no damage.
The smoke demon hits you.
* * * LOW HITPOINT WARNING * * *
The smoke demon misses you.
You feel much better.
The smoke demon's magic is no longer disrupted.
The orc high priest hits you from afar with a +0 glaive!
* * * LOW HITPOINT WARNING * * *
The smoke demon hits you but does no damage. x2
The smoke demon closely misses you.
You hit the smoke demon but do no damage.
The smoke demon is almost dead.
The orc high priest no longer looks unusually strong.
The orc knight roars a battlecry!
The orc high priest goes into a battle-frenzy!
The orc high priest hits you from afar with a +0 glaive!
* * * LOW HITPOINT WARNING * * *
You whack the smoke demon!
You kill the smoke demon!
The smoke demon disappears in a puff of smoke!
The orc high priest misses you.
Items here: $ )) [[ ††.
You hit the orc high priest.
The orc high priest is lightly wounded.
The orc high priest hits you with a +0 glaive!
You die...

▓.▓.▓.▓.▓_▓
▓.▓.▓.▓.▓_▓
▓.▓.▓.▓.▓_▓
▓.▓.▓.▓.▓_▓
▓)▓.▓.▓.▓_▓
▓)▓.▓.▓.▓_▓
▓)▓.▓.▓.▓_▓
▓)▓.▓.▓.▓_▓
▓@▓.▓÷▓.▓_▓
▓o▓.▓÷▓.▓_▓
▓o▓.▓[▓.▓_▓
▓o▓.▓.▓.▓_▓
▓.▓.▓.▓.▓_▓
▓.▓.▓.▓.▓_▓
▓.▓†▓.▓.▓_▓
▓.▓.▓.▓.▓_▓
▓.▓.▓.▓_▓


You could see an orc knight, an orc high priest (strong) and an orc warrior
(strong).

Vanquished Creatures
  Gastronok (D)
  A stone giant (D)
  A hydra (D)
  3 centaur warriors (D)
  A skyshark (D)
  2 orc knights (D)
  2 lindwurms (D)
  A deep elf pyromancer (D)
  2 elephants (D)
  2 cane toads (D)
  A gargoyle (D)
  Maurice (D)
  3 komodo dragons (D)
  2 trolls (D)
  3 tyrant leeches (D)
  A wraith (D)
  A shadow (D)
  A wyvern (D)
  A yak (D)
  2 water moccasins (D)
  9 orc warriors (D)
  A phantom (D)
  5 bullfrogs (D)
  A wight (D)
  A killer bee (D)
  A howler monkey (D)
  4 orc priests (D)
  2 orc wizards (D)
  4 worms (D)
  7 orcs (D)
  An endoplasm (D)
  A giant cockroach (D)
  A goblin (D)
  A hobgoblin (D)
  A ball python (D)
72 creatures vanquished.

Notes
Turn   | Place    | Note
-------+----------+-------------------------------------------
     0 | D        | SmokeWeed the Minotaur Gladiator began the quest for the
                  | Orb.
     0 | D        | Reached XP level 1. HP: 18/18 MP: 0/0
     8 | D        | Reached skill level 4 in Long Blades
    19 | D        | Noticed a phantom
    23 | D        | Reached XP level 2. HP: 25/25 MP: 1/1
    26 | D        | Reached skill level 5 in Long Blades
    39 | D        | Killed a phantom
    40 | D        | Reached skill level 7 in Long Blades
    40 | D        | Reached XP level 3. HP: 7/34 MP: 2/2
    40 | D        | Reached XP level 4. HP: 8/41 MP: 3/3
   170 | D        | Found a snail-covered altar of Cheibriados.
   170 | D        | Found a shadowy altar of Dithmenos.
   170 | D        | Found a white marble altar of Elyvilon.
   170 | D        | Found a blossoming altar of Fedhas.
   170 | D        | Found an opulent altar of Gozag.
   171 | D        | Found a hazy altar of Hepliaklqana.
   172 | D        | Found a viscous altar of Jiyva.
   173 | D        | Found an ancient bone altar of Kikubaaqudgha.
   174 | D        | Found a corrupted altar of Lugonu.
   175 | D        | Found a burning altar of Makhleb.
   176 | D        | Found a sparkling altar of Nemelex Xobeh.
   177 | D        | Found an iron altar of Okawaru.
   178 | D        | Found a stormy altar of Qazlal.
   179 | D        | Found a sacrificial altar of Ru.
   180 | D        | Found a shimmering blue altar of Sif Muna.
   181 | D        | Found a bloodstained altar of Trog.
   182 | D        | Found a hide-covered altar of Uskayaw.
   183 | D        | Found a radiant altar of Vehumet.
   184 | D        | Found an ornate altar of the Wu Jian Council.
   185 | D        | Became a worshipper of Warmaster Okawaru
   186 | D        | Found a shimmering altar of Xom.
   187 | D        | Found a basalt altar of Yredelemnul.
   188 | D        | Found a glowing silver altar of Zin.
   189 | D        | Found a glowing golden altar of the Shining One.
   197 | D        | Found the +5 demon whip "Spellbinder" {antimagic, disrupt,
                  | Will+}
   235 | D        | Noticed a gargoyle
   235 | D        | Noticed a shadow
   235 | D        | Noticed a troll
   242 | D        | Killed a gargoyle
   243 | D        | Reached skill level 11 in Long Blades
   243 | D        | Reached XP level 5. HP: 34/50 MP: 1/4
   243 | D        | Reached XP level 6. HP: 38/57 MP: 1/5
   251 | D        | Killed a shadow
   251 | D        | Reached * piety under Okawaru
   252 | D        | Reached skill level 12 in Long Blades
   252 | D        | Reached skill level 5 in Throwing
   252 | D        | Reached XP level 7. HP: 33/64 MP: 1/6
   260 | D        | Reached skill level 10 in Dodging
   272 | D        | Killed a troll
   272 | D        | Reached ** piety under Okawaru
   273 | D        | Reached skill level 13 in Long Blades
   273 | D        | Reached skill level 1 in Stealth
   386 | D        | Noticed a troll
   386 | D        | Noticed a centaur warrior
   386 | D        | Noticed a centaur warrior
   386 | D        | Noticed a centaur warrior
   386 | D        | Noticed a deep elf pyromancer
   386 | D        | Noticed a wraith
   393 | D        | Killed a troll
   394 | D        | Reached skill level 14 in Long Blades
   394 | D        | Reached XP level 8. HP: 53/74 MP: 4/7
   398 | D        | Killed a centaur warrior
   398 | D        | Reached *** piety under Okawaru
   399 | D        | Reached skill level 15 in Long Blades
   404 | D        | Killed a centaur warrior
   405 | D        | Reached skill level 16 in Long Blades
   405 | D        | Reached XP level 9. HP: 41/84 MP: 5/8
   409 | D        | Killed a centaur warrior
   409 | D        | Received a gift from Okawaru
   409 | D        | Reached **** piety under Okawaru
   410 | D        | Reached skill level 10 in Fighting
   434 | D        | Killed a deep elf pyromancer
   435 | D        | Reached skill level 17 in Long Blades
   435 | D        | Reached skill level 1 in Maces & Flails
   795 | D        | Noticed a komodo dragon
   796 | D        | Noticed a five-headed hydra
   802 | D        | Killed a komodo dragon
   803 | D        | Reached skill level 1 in Invocations
   807 | D        | Reached XP level 10. HP: 82/94 MP: 1/9
   815 | D        | Killed a one-headed hydra
   815 | D        | Reached ***** piety under Okawaru
   816 | D        | Reached skill level 10 in Armour
   816 | D        | Reached skill level 5 in Stealth
   831 | D        | Reached skill level 5 in Maces & Flails
   976 | D        | Noticed a cane toad
   976 | D        | Noticed a skyshark
   976 | D        | Noticed an elephant
   979 | D        | Noticed a cane toad
   986 | D        | Noticed an elephant
   988 | D        | Killed a skyshark
   988 | D        | Received a gift from Okawaru
   991 | D        | Killed a cane toad
   995 | D        | Killed an elephant
   995 | D        | Identified the +0 hat "Vapaof" {rPois Int+4} (Okawaru
                  | gifted it to you in the Dungeon)
   995 | D        | Received a gift from Okawaru
   996 | D        | Reached skill level 18 in Long Blades
  1014 | D        | Killed a cane toad
  1025 | D        | Killed an elephant
  1289 | D        | Noticed a lindwurm
  1292 | D        | Noticed a lindwurm
  1295 | D        | Reached XP level 11. HP: 81/106 MP: 1/11
  1299 | D        | Killed a lindwurm
  1313 | D        | Killed a lindwurm
  1691 | D        | Noticed Gastronok
  1703 | D        | Killed Gastronok
  1720 | D        | Noticed Maurice
  1757 | D        | Killed Maurice
  1799 | D        | Reached skill level 10 in Maces & Flails
  1810 | D        | Noticed a stone giant
  1824 | D        | Killed a stone giant
  2298 | D        | Noticed an orc knight
  2303 | D        | Noticed an orc knight
  2309 | D        | Killed an orc knight
  2312 | D        | Noticed an orc high priest
  2318 | D        | Killed an orc knight
  2323 | D        | Reached skill level 15 in Armour
  2323 | D        | Noticed an orc knight
  2351 | D        | Slain by an orc high priest

Illustrated notes

Levels and vault maps discovered:
D:        linesprint [early_d, line_temple, items_1, d_10, items_2, lair_1,
          lair_end, items_3, orc_1, orc_end, items_4, d_15, swamp_1, shoals_1,
          snake_1, spider_1, d_20, vaults_1, items_5, swamp_end, shoals_end,
          snake_end, spider_end, vaults_end, d_27, items_6, zot_1, zot_end,
          crypt_end, forest_end, elf_end, slime_end, tomb_end, abyss_end,
          pan_hell_end]

Skill      XL: |  1  2  3  4  5  6  7  8  9 10 11 |
---------------+----------------------------------+-----
Long Blades    | 4 7 11 12 14 16 17 18 | 18.9
Dodging        | 4 6 9 10 11 12 | 12.2
Fighting       | 4 6 7 9 10 12 14 | 14.9
Throwing       | 3 4 5 6 7 8 |  8.8
Armour         | 2 3 4 7 9 12 15 | 15.0
Stealth        | 2 3 4 5 |  5.4
Maces & Flails | 2 8 11 | 11.7
Invocations    | 1 2 4 |  4.2

Action                     |  1- 3 |  4- 6 |  7- 9 | 10-12 || total
---------------------------+-------+-------+-------+-------++-------
  Melee: Long sword        |    25 |       |       |       ||    25
         Headbutt          |    10 |     5 |    13 |    33 ||    61
         Demon whip        |       |     6 |    15 |    81 ||   102
         Scimitar          |       |     8 |    49 |    98 ||   155
         Punch             |       |       |     2 |    10 ||    12
  Throw: Throwing net      |     2 |     1 |     3 |       ||     6
         Javelin           |       |       |     2 |     7 ||     9
         Dart              |       |       |       |     1 ||     1
 Invoke: Heroism           |       |       |     3 |     9 ||    12
    Use: Potion            |       |       |     4 |     3 ||     7
         Scroll            |       |       |       |     4 ||     4
   Stab: Held in net/web   |       |       |     2 |       ||     2
 Armour: Leather armour    |    10 |       |       |       ||    10
         Plate armour      |       |     4 |    53 |   113 ||   170
  Dodge: Dodged            |    10 |     2 |    31 |    54 ||    97

Table legend: (Time is in decaauts)
 A = Elapsed time spent in this place.
 B = Non-inter-level travel time spent in this place.
 C = Inter-level travel time spent in this place.
 D = Time resting spent in this place.
 E = Time spent auto-exploring this place.
 F = Levels seen in this place.
 G = Mean time per level.
                   A        B        C        D        E       F      G
               +--------+--------+--------+--------+--------+-----+--------+
         Total |   2250 |   2250 |      0 |   1510 |      0 |   1 | 2250.0 |
       Dungeon |   2250 |   2250 |      0 |   1510 |      0 |   1 | 2250.0 |
               +--------+--------+--------+--------+--------+-----+--------+

Top non-repeatable levels by time:
       D: 2250 daAuts
